 Dungeon Crawl Stone Soup version 0.23-a0-8-gb809bb70e4 (webtiles) character file.

53 Bapho the Poker (level 3, 0/29 HPs)
             Began as a Merfolk Gladiator on Aug 1, 2018.
             Slain by Terence
             ... wielding a +2 short sword of protection
              (7 damage)
             ... on level 2 of the Dungeon.
             The game lasted 00:01:47 (831 turns).

Bapho the Poker (Merfolk Gladiator)                  Turns: 831, Time: 00:01:48

Health: 0/29       AC:  4    Str: 14    XL:     3   Next: 89%
Magic:  3/3        EV: 14    Int:  8    God:
Gold:   84         SH:  0    Dex: 15    Spells: 2/2 levels left

rFire    . . .     SeeInvis .   a - +0 trident
rCold    . . .     Gourm    .   (no shield)
rNeg     . . .     Faith    .   b - +0 leather armour
rPois    .         Spirit   .   c - +0 helmet
rElec    .         Reflect  .   (no cloak)
rCorr    .         Harm     .   (no gloves)
MR       .....                  (no boots)
Stlth    +.........             (no amulet)
HPRegen  0.09/turn              (no ring)
MPRegen  0.08/turn              (no ring)

@: no status effects
A: change form in water, swift swim, stealthy swim
a: no special abilities


You were on level 2 of the Dungeon.
You were not hungry.

You visited 1 branch of the dungeon, and saw 2 of its levels.

You collected 84 gold pieces.

Inventory:

Hand Weapons
 a - a +0 trident (weapon)
Missiles
 g - 5 stones (quivered)
 l - 15 arrows
Armour
 b - a +0 leather armour (worn)
 c - a +0 helmet (worn)
Jewellery
 e - a +3 ring of evasion {unknown}
Scrolls
 i - a scroll of enchant weapon {unknown}
 j - a scroll of identify {unknown}
Potions
 d - a potion of resistance {unknown}
 h - a potion of berserk rage {unknown}
Comestibles
 f - 2 rations
 k - 6 chunks of flesh


   Skills:
 + Level 3.1 Fighting
 * Level 6.1 Polearms
 - Level 2.0 Throwing
 - Level 4.0 Dodging


You had 2 spell levels left.
You didn't know any spells.
Your spell library was empty.

Dungeon Overview and Level Annotations

Branches:
Dungeon (2/15)

Altars:

Annotations:
D:1 1 runed door
D:2 Terence


Message History

Terence completely misses you.
You hit Terence but do no damage.
Terence is severely wounded.
Terence barely misses you.
Terence hits you with a short sword of protection.
You barely miss Terence.
Terence is severely wounded.
Terence misses you.
You completely miss Terence.
Terence is severely wounded.
Terence hits you with a short sword of protection.
* * * LOW HITPOINT WARNING * * *
Terence barely misses you.
You hit Terence but do no damage.
Terence is heavily wounded.
Terence closely misses you.
You hit Terence but do no damage.
Terence is heavily wounded.
Terence hits you with a short sword of protection!
You die...

............
..........
#........
....... ....(
.w. #@# #@#
####### #.#
#.....#
#.#####.###.#
#.......# #.#
######### #.#
#.....# #.#
#.....####.#
#..........#
#......#####


You could see Terence and a dart slug.

Vanquished Creatures
  A worker ant (D:2)
  A gnoll (D:1)
  A worm (D:2)
  2 leopard geckos (D:2)
  2 giant cockroaches
  3 goblins
  2 hobgoblins (D:1)
  A bat (D:1)
  4 frilled lizards
  2 kobolds (D:1)
19 creatures vanquished.

Notes
Turn   | Place    | Note
-------+----------+-------------------------------------------
     0 | D:1      | Bapho the Merfolk Gladiator began the quest for the Orb.
     0 | D:1      | Reached XP level 1. HP: 16/16 MP: 1/1
     1 | D:1      | Found a runed door.
     1 | D:1      | Noticed a jelly
   103 | D:1      | Reached skill level 5 in Polearms
   103 | D:1      | Reached XP level 2. HP: 16/23 MP: 2/2
   673 | D:2      | Reached XP level 3. HP: 25/28 MP: 3/3
   766 | D:2      | Reached skill level 6 in Polearms
   808 | D:2      | Noticed Terence
   831 | D:2      | Slain by Terence

Vault maps used:
D:1:      dpeg_arrival_caged_fury
D:2:      kennysheep_generic_room_3, uniq_terence

Skill      XL: |  1  2  3 |
---------------+----------+-----
Polearms       | 5 6 |  6.1
Fighting       | 3 |  3.1
Throwing       | |  2.0
Dodging        | |  4.0

Action                   || total
-------------------------++-------
Melee: Trident           ||    73
Throw: Stone             ||    42
       Throwing net      ||     3
Armor: Leather armour    ||    10
Dodge: Dodged            ||    35

Table legend:
 A = Spawn XP
 B = Non-spawn XP
 C = Spawn XP percentage of total XP
 D = Spawn monster count
 E = Non-spawn monster count
 F = Spawn count percentage of total count
 G = Total turns spent on level
                    A         B        C        D         E        F      G
               +---------+---------+-------+---------+---------+-------+---------
         Total |       0 |      77 |   0.0 |       0 |      19 |   0.0 |   831
               +---------+---------+-------+---------+---------+-------+---------
           D:1 |       0 |      28 |   0.0 |       0 |      11 |   0.0 |   636
           D:2 |       0 |      49 |   0.0 |       0 |       8 |   0.0 |   195
               +---------+---------+-------+---------+---------+-------+---------
